 Dungeon Crawl Stone Soup version 0.24-a0-520-g8fd06ad0bc (webtiles) character file.

Game seed: 6133039383392705441

6045 CoolPlay the Fighter (level 10, 91/91 HPs)
             Began as a Minotaur Fighter on July 26, 2019.
             Was an Elder of Nemelex Xobeh.
             Quit the game on level 1 of the Lair of Beasts.
             The game lasted 00:18:10 (7775 turns).

CoolPlay the Fighter (Minotaur Fighter)             Turns: 7775, Time: 00:18:11

Health: 91/91      AC: 12    Str: 29    XL:     10   Next: 57%
Magic:  14/14      EV:  9    Int:  7    God:    Nemelex Xobeh [****..]
Gold:   248        SH: 12    Dex: 10    Spells: 9/9 levels left

rFire    + . .     SeeInvis .   i - +1 dagger (venom)
rCold    + . .     Gourm    .   c - +0 shield
rNeg     . . .     Faith    .   b - +4 scale mail
rPois    +         Spirit   .   (helmet restricted)
rElec    +         Reflect  .   (no cloak)
rCorr    +         Harm     .   (no gloves)
MR       .....                  D - +0 pair of boots
Stlth    +.........             (no amulet)
HPRegen  0.25/turn              r - ring of stealth
MPRegen  0.14/turn              E - +2 ring of intelligence

@: mighty, resistant, hasted (expiring), very quick
A: retaliatory headbutt, horns 2
a: Draw Escape, Draw Destruction, Draw Summoning, Triple Draw, Deal Four,
Renounce Religion


You were on level 1 of the Lair of Beasts.
You worshipped Nemelex Xobeh.
Nemelex Xobeh was greatly pleased with you.
You were not hungry.

You visited 3 branches of the dungeon, and saw 12 of its levels.

You collected 597 gold pieces.
You spent 349 gold pieces at shops.

Inventory:

Hand Weapons
 a - a +3 dagger of freezing
 i - a +1 dagger of venom (weapon)
 k - a +2 dagger of venom
 v - a +1 flail of venom
 A - a +1 quarterstaff of draining
Missiles
 m - 213 stones (quivered)
Armour
 b - a +4 scale mail (worn)
 c - a +0 shield (worn)
 D - a +0 pair of boots (worn)
Jewellery
 r - a ring of stealth (left hand)
 t - an uncursed ring of ice
 E - a +2 ring of intelligence (right hand)
Wands
 s - a wand of enslavement (9)
 y - a wand of paralysis (9)
 F - a wand of acid (6)
Scrolls
 e - 4 scrolls of remove curse
 h - 2 scrolls of fear
 j - 2 scrolls of teleportation
 l - a scroll of immolation
 n - 2 scrolls of magic mapping
 p - a scroll of amnesia
 B - a scroll of blinking
 C - a scroll of fog
Potions
 d - a potion of might
 g - 2 potions of heal wounds
 o - 2 potions of agility
 q - 8 potions of curing
 u - 2 potions of flight
 w - a potion of haste
 x - 3 potions of degeneration
 z - 2 potions of brilliance {unknown}
Comestibles
 f - 17 rations


   Skills:
 + Level 9.5 Fighting
 + Level 8.3 Short Blades
 - Level 3.6 Armour
 + Level 9.5 Shields
 - Level 7.0 Invocations
 * Level 5.9 Evocations


You had 9 spell levels left.
You didn't know any spells.
Your spell library contained the following spells:

 Spells                   Type           Power        Failure   Level  Hunger
 Corona                   Hex            #......      89%         1    ##.....
 Freeze                   Ice            #...         89%         1    ##.....
 Ensorcelled Hibernation  Hex/Ice        #.....       96%         2    ###....
 Throw Frost              Conj/Ice       #.....       96%         2    ###....
 Confuse                  Hex            #.......     99%         3    ####...
 Dazzling Spray           Conj/Hex       #.....       99%         3    ####...
 Ozocubu's Armour         Chrm/Ice       #.......     99%         3    ####...
 Tukima's Dance           Hex            #.......     99%         3    ####...
 Summon Ice Beast         Ice/Summ       #.......     100%        4    #####..
 Throw Icicle             Conj/Ice       #.......     100%        4    #####..


Dungeon Overview and Level Annotations

Branches:
Dungeon (10/15)            Temple (1/1) D:7            Lair (1/6) D:10
    Orc (0/2) D:9

Altars:
Dithmenos
Elyvilon
Fedhas
Gozag
Hepliaklqana
Kikubaaqudgha
Makhleb
Nemelex Xobeh
Okawaru
Ru
Sif Muna
Uskayaw
Xom
Yredelemnul

Shops:
D:4 *   D:7 (*[?

Annotations:
D:6 1 runed translucent door, Crazy Yiuf
D:9 1 runed translucent door, hemabe's ghost, novice HuAr


Innate Abilities, Weirdness & Mutations

You reflexively headbutt those who attack you in melee.
You have a pair of horns on your head.


Message History

You kill the worker ant!
No target in view!
No target in view!
No target in view!
k - a +2 dagger of venom
Things that are here:
a +2 robe of cold resistance; the human corpse of Josephine; a hound corpse
Found a robe.
You can now deal four cards at a time.
Found a scroll labeled SUUHUL LIUS.
Found 2 potions of haste.
Found a staircase to the Lair.
An orc wizard comes into view. It is wielding a +0 dagger.
The orc wizard shouts!
You hear an angry hiss.
You hear an angry growl.
A komodo dragon comes into view.
There is a staircase to the Lair here.
Your extra speed is starting to run out.
You climb downwards.
Welcome to the Lair of Beasts!
There is a staircase back to the Dungeon here.
Unknown command.

# ##.########
#.........#
..........##
#.....@...#
..##.######.#


There were no monsters in sight!

Vanquished Creatures
  Josephine (D:10)
  A two-headed ogre (D:8)
  A troll (D:10)
  Prince Ribbit (D:5)
  A hippogriff (D:10)
  3 wraiths (D:10)
  A hungry ghost (D:10)
  A sky beast (D:6)
  A black bear (D:4)
  2 phantoms
  A centaur (D:8)
  5 ogres
  3 wolves (D:8)
  3 bullfrogs
  A wyvern skeleton (D:7)
  3 scorpions
  A killer bee (D:8)
  3 wights (D:6)
  A bullfrog zombie (D:10)
  3 crimson imps
  A quasit (D:10)
  2 hounds (D:5)
  An orc priest (D:8)
  2 centaur skeletons
  An iron imp (D:6)
  2 iguanas
  Natasha (thrice) (D:2)
  A bullfrog skeleton (D:7)
  3 worker ants
  A hound zombie (D:3)
  2 hound skeletons
  A worker ant zombie (D:7)
  3 gnolls (D:7)
  7 adders
  A shadow imp (D:5)
  2 adder skeletons
  A worm (D:2)
  7 leopard geckos
  12 orcs
  8 giant cockroaches
  4 goblins
  8 hobgoblins
  19 jackals
  5 quokkas
  A ball python (D:3)
  4 bats
  8 frilled lizards
  A giant cockroach zombie (D:6)
  A jackal skeleton (D:5)
  3 quokka zombies
  3 rats
155 creatures vanquished.

Vanquished Creatures (collateral kills)
  Grinder (D:4)
  Grum (D:8)
  An acid dragon (shapeshifter) (D:6)
  An orc warrior (D:8)
  A black bear (D:8)
  A phantom (D:8)
  An ogre (D:8)
  A wolf (D:8)
  A bullfrog (D:8)
  2 killer bees (D:8)
  An orc priest (D:8)
  An iguana (D:8)
  2 jackals (D:10)
  A leopard gecko zombie (D:8)
16 creatures vanquished.

Vanquished Creatures (others)
  A gargoyle (D:10)
  A wraith (D:10)
  A hound (D:10)
3 creatures vanquished.

Grand Total: 174 creatures vanquished

Notes
Turn   | Place    | Note
-------+----------+-------------------------------------------
     0 | D:1      | CoolPlay the Minotaur Fighter began the quest for the Orb.
     0 | D:1      | Reached XP level 1. HP: 19/19 MP: 0/0
   203 | D:1      | Reached XP level 2. HP: 27/27 MP: 1/1
  1032 | D:2      | Reached XP level 3. HP: 33/33 MP: 2/2
  1150 | D:2      | Noticed Natasha
  1160 | D:2      | Killed Natasha
  1246 | D:2      | Found a sparkling altar of Nemelex Xobeh.
  1246 | D:2      | Found a burning altar of Makhleb.
  1292 | D:2      | Became a worshipper of Nemelex Xobeh the Trickster
  1317 | D:2      | Reached XP level 4. HP: 41/41 MP: 3/3
  1332 | D:2      | Received a gift from Nemelex Xobeh
  1490 | D:2      | Found an ancient bone altar of Kikubaaqudgha.
  1521 | D:2      | Noticed Natasha
  1548 | D:2      | Killed Natasha
  1548 | D:2      | Reached skill level 1 in Invocations
  1885 | D:2      | Noticed Natasha
  1890 | D:2      | Killed Natasha
  2105 | D:3      | Reached XP level 5. HP: 45/47 MP: 5/5
  2580 | D:4      | Found Ulov's General Store.
  2643 | D:3      | Reached * piety under Nemelex Xobeh
  2666 | D:3      | Received a gift from Nemelex Xobeh
  3183 | D:4      | Bought a potion of curing for 36 gold pieces
  3183 | D:4      | Bought a scroll of blinking for 90 gold pieces
  3183 | D:4      | Bought a potion of curing for 36 gold pieces
  3183 | D:4      | Bought a scroll of fog for 24 gold pieces
  3294 | D:4      | Noticed Grinder
  3302 | D:4      | Killed Grinder
  3302 | D:4      | Reached skill level 5 in Fighting
  3302 | D:4      | Reached skill level 5 in Shields
  3302 | D:4      | Reached XP level 6. HP: 56/56 MP: 5/7
  3329 | D:4      | Found a hide-covered altar of Uskayaw.
  3492 | D:4      | Found a hazy altar of Hepliaklqana.
  3649 | D:4      | Found a shimmering altar of Xom.
  3792 | D:4      | Reached XP level 7. HP: 53/61 MP: 8/8
  4403 | D:5      | Entered Level 5 of the Dungeon
  4410 | D:5      | Found a shadowy altar of Dithmenos.
  4444 | D:5      | Reached ** piety under Nemelex Xobeh
  4663 | D:5      | Noticed Prince Ribbit
  4669 | D:5      | Killed Prince Ribbit
  4669 | D:5      | Reached skill level 5 in Short Blades
  4669 | D:5      | Reached skill level 5 in Invocations
  4703 | D:5      | Found a deep blue altar of Sif Muna.
  4749 | D:5      | Reached XP level 8. HP: 71/71 MP: 10/10
  5181 | D:5      | Got a crude ring mail
  5609 | D:6      | Noticed a hippogriff
  5622 | D:6      | Noticed a shapeshifter
  5622 | D:6      | a hippogriff changed into a shapeshifter
  5623 | D:6      | a shapeshifter changed into an acid dragon
  5713 | D:6      | Found a runed translucent door.
  5714 | D:6      | Noticed Crazy Yiuf
  5921 | D:6      | Received a gift from Nemelex Xobeh
  6057 | D:6      | Identified the cursed +0 ring mail "Nues" {*Slow rPois
                  | Dex+4 SInv} (You found it on level 5 of the Dungeon)
  6220 | D:7      | Reached *** piety under Nemelex Xobeh
  6259 | D:7      | Found an opulent altar of Gozag.
  6274 | D:7      | Reached XP level 9. HP: 70/79 MP: 13/13
  6304 | D:7      | Found Ulen's Antique Armour Shoppe.
  6311 | D:7      | Bought a pair of boots for 121 gold pieces
  6376 | D:7      | Found Beuwuch's General Store.
  6434 | D:7      | Found Pewkanu's Antique Weapon Shoppe.
  6586 | D:7      | Reached skill level 1 in Evocations
  6594 | D:7      | Found a sacrificial altar of Ru.
  6701 | D:7      | Found Biuxyo's Magic Scroll Shop.
  6707 | D:7      | Bought a scroll of teleportation for 42 gold pieces
  6773 | D:7      | Found a staircase to the Ecumenical Temple.
  7043 | Temple   | Entered the Ecumenical Temple
  7099 | D:8      | Noticed a two-headed ogre
  7109 | D:8      | Identified the +0 hand axe "Zuepegel" {chop, Dex+2}
  7117 | D:8      | Killed a two-headed ogre
  7124 | D:8      | Received a gift from Nemelex Xobeh
  7141 | D:8      | Found a white marble altar of Elyvilon.
  7240 | D:8      | Noticed Grum
  7259 | D:8      | Killed Grum
  7627 | D:9      | Found a runed translucent door.
  7627 | D:9      | Noticed hemabe's ghost (novice HuAr)
  7635 | D:9      | Received a gift from Nemelex Xobeh
  7645 | D:9      | Found an iron altar of Okawaru.
  7652 | D:10     | Entered Level 10 of the Dungeon
  7664 | D:10     | Reached XP level 10. HP: 87/90 MP: 14/14
  7706 | D:10     | Identified the +0 hand axe of Ru's Envy {chop, *Rage rPois
                  | rF+++ MR++}
  7707 | D:10     | Noticed a gargoyle
  7715 | D:10     | Noticed Josephine
  7724 | D:10     | Killed a gargoyle
  7737 | D:10     | Killed Josephine
  7737 | D:10     | Reached skill level 5 in Evocations
  7762 | D:10     | Reached **** piety under Nemelex Xobeh
  7765 | D:10     | Found a staircase to the Lair.
  7774 | Lair:1   | Entered Level 1 of the Lair of Beasts
  7775 | Lair:1   | Quit the game

Levels and vault maps discovered:
D:1:      saegor_arrival_under_anarchy, layout_loops_corners
D:2:      layout_loops_ring, kiku_gazebo_pond_becter,
          gammafunk_temple_overflow_wave, uniq_natasha
D:3:      layout_basic, first_ration
D:4:      black_bear_nest_2, layout_basic, kennysheep_little_box,
          eat_drink_and_be_merry_uskayaw, kennysheep_mini_moat, serial_shops,
          nicolae_shop_waterfront, minmay_increasing_density, uniq_grinder
D:5:      layout_gridville, lemuel_blue_sif_altar,
          nicolae_dithmenos_through_a_glass_darkly, uniq_prince_ribbit1
D:6:      layout_loops_ring, uniq_crazy_yiuf_cottage
D:7:      layout_loops_ring, lemuel_crystal_altar, overflow_temple_1_default,
          minmay_temple_entry_purple_smoke, serial_shops, shop, shop_fountains,
          shop, nicolae_shop_window_shopping, sigmund_army
D:8:      layout_basic, elyvilon_altar_5, david_nohive_1,
          grunt_decor_mini_mirrors, nicolae_two_hexagons,
          kennysheep_generic_room_10, uniq_grum
D:9:      layout_gridville, lemuel_round_altar, hiddenorc2_lemuel,
          gammafunk_ghost_grave
D:10:     cheibrodos_iron_armory, layout_rooms, lair_entry_dummy, uniq_josephine
Temple:   dpeg_chambers_temple
Lair:1:   layout_concentric_octagons, chequers_serial_rivers_marsh

Skill      XL: |  1  2  3  4  5  6  7  8  9 10 |
---------------+-------------------------------+-----
Fighting       | 4 5 6 7 8 9 |  9.5
Shields        | 4 5 6 7 8 9 |  9.5
Short Blades   | 3 4 5 6 7 8 |  8.3
Invocations    | 1 2 3 5 7 |  7.0
Evocations     | 4 5 |  5.9
Armour         | |  3.6

Action                   |  1- 3 |  4- 6 |  7- 9 | 10-12 || total
-------------------------+-------+-------+-------+-------++-------
Melee: Rapier            |    18 |       |       |       ||    18
       Headbutt          |     6 |    27 |    78 |    11 ||   122
       Dagger            |    66 |   150 |   395 |    39 ||   650
Throw: Stone             |     1 |     5 |     3 |       ||     9
 Abil: Draw Destruction  |       |     2 |     7 |     2 ||    11
       Draw Summoning    |       |     1 |     5 |     2 ||     8
Evoke: Wand              |       |       |     1 |     2 ||     3
  Use: Scroll            |     1 |     5 |    11 |       ||    17
       Potion            |     1 |     2 |     3 |     4 ||    10
 Stab: Petrified         |       |       |       |     2 ||     2
  Eat: Chunk             |     1 |     8 |    12 |       ||    21
       Ration            |       |       |       |     1 ||     1
Armor: Scale mail        |    27 |    39 |   112 |    13 ||   191
Dodge: Dodged            |    17 |    22 |    73 |     6 ||   118
Block: Shield            |    30 |    57 |   126 |    22 ||   235

Table legend:
 A = Non-vault XP
 B = Vault XP
 C = Vault XP percentage of total XP
 D = Non-vault monster count
 E = Vault monster count
 F = Vault count percentage of total count
                 A         B        C        D         E       F
            +---------+---------+-------+---------+---------+-------
      Total |    5645 |    2991 |  34.6 |     151 |      22 |  12.7
            +---------+---------+-------+---------+---------+-------
        D:1 |      22 |       0 |   0.0 |      13 |       0 |   0.0
        D:2 |     130 |      35 |  21.2 |      25 |       1 |   3.8
        D:3 |      61 |       0 |   0.0 |      14 |       0 |   0.0
        D:4 |     344 |     305 |  47.0 |      11 |       7 |  38.9
        D:5 |     599 |     277 |  31.6 |      29 |       1 |   3.3
        D:6 |     827 |       0 |   0.0 |      19 |       0 |   0.0
        D:7 |     876 |      42 |   4.6 |      11 |       3 |  21.4
        D:8 |    1443 |     446 |  23.6 |      19 |       5 |  20.8
       D:10 |    1343 |    1886 |  58.4 |      10 |       5 |  33.3
            +---------+---------+-------+---------+---------+-------
